 Dungeon Crawl Stone Soup version 0.27.1-2-g3b301248ec (webtiles) character file.

Game seed: 1409105082525749556

95 Urokeeper the Shield-Bearer (level 4, -5/39 (40) HPs)
             Began as a Minotaur Fighter on Sept 29, 2021.
             Slain by an orc (9 damage)
             ... on level 3 of the Dungeon.
             The game lasted 00:09:41 (1767 turns).

Urokeeper the Shield-Bearer (Minotaur Fighter)      Turns: 1767, Time: 00:09:41

HP:   -5/39 (40)    AC:  9    Str: 22    XL:     4   Next: 39%
MP:   12/12         EV:  6    Int:  5    God:
Gold: 53            SH:  9    Dex:  9    Spells: 3/3 levels left

rFire    . . .     SeeInvis .   i - +0 whip (elec)
rCold    . . .     Faith    .   c - +0 kite shield
rNeg     . . .     Spirit   .   j - +0 chain mail
rPois    .         Reflect  .   (helmet restricted)
rElec    .         Harm     .   (no cloak)
rCorr    .         Rampage  .   (no gloves)
Will     .....                  (no boots)
Stlth    ..........             (no amulet)
HPRegen  0.13/turn              f - ring of magical power
MPRegen  0.13/turn              (no ring)

@: mighty, lightly drained
A: horns 2, retaliatory headbutt
a: no special abilities


You were on level 3 of the Dungeon.
You visited 1 branch of the dungeon, and saw 3 of its levels.

You collected 53 gold pieces.

Inventory:

Hand Weapons
 a - a +0 flail
 i - a +0 whip of electrocution (weapon)
 o - a +0 flail of draining
Armour
 b - a +0 scale mail
 c - a +0 kite shield (worn)
 j - a +0 chain mail (worn)
Jewellery
 f - a ring of magical power (left hand)
Scrolls
 e - 2 scrolls of enchant armour
 m - a scroll of teleportation
 n - a scroll of amnesia
Potions
 k - a potion of brilliance
 l - a potion of ambrosia {unknown}


   Skills:
 + Level 4.0 Fighting
 + Level 3.4 Maces & Flails
 + Level 4.3 Armour
 + Level 1.5 Dodging
 + Level 4.5 Shields


You had 3 spell levels left.
You didn't know any spells.
Your spell library was empty.

Dungeon Overview and Level Annotations

Branches:
Dungeon (3/15)

Altars:


Innate Abilities, Weirdness & Mutations

You have a pair of horns on your head.
You reflexively headbutt those who attack you in melee.


Message History

Beogh smites you! The hobgoblin barely misses you.
An orc comes into view. It is wielding a +0 morningstar.
You feel very mighty all of a sudden.
The orc shouts!
You hear a shout!
You block the hobgoblin's attack. The ball python barely misses you.
You block the ball python's attack.
You barely miss the ball python. You block the ball python's attack. x2
You block the hobgoblin's attack.
You closely miss the ball python.
The ball python bites you but does no damage.
You block the ball python's attack. You block the hobgoblin's attack.
You closely miss the ball python. Your headbutt misses the ball python.
The ball python barely misses you. You furiously retaliate!
You headbutt the ball python!!
You kill the ball python!
You block the hobgoblin's attack.
You completely miss the hobgoblin. Your headbutt misses the hobgoblin.
The hobgoblin barely misses you.
You closely miss the hobgoblin. You block the hobgoblin's attack.
An orc priest comes into view. It is wielding a +0 short sword.
The hobgoblin barely misses you. The orc priest hits you with a +0 whip.
The hobgoblin hits you.
* * * LOW HITPOINT WARNING * * *
You closely miss the orc priest. Your headbutt misses the orc priest.
The orc hits you with a +0 morningstar.
* * * LOW HITPOINT WARNING * * *
The orc priest hits you with a +0 whip.
* * * LOW HITPOINT WARNING * * *
The hobgoblin hits you but does no damage.
The orc hits you but does no damage.
You feel better.
The orc priest hits you but does no damage.
You block the hobgoblin's attack. The orc hits you with a +0 morningstar.
* * * LOW HITPOINT WARNING * * *
You hit the orc priest.
The orc priest is moderately wounded.
The orc priest casts a cantrip, but nothing happens.
The hobgoblin hits you but does no damage.
The orc hits you with a +0 morningstar!
You die...

........###........########
.........##........#
........†##........#
#+######.##.######## #.##.#
#..#.# ##o#.# #.o.# ##@g#
#.o# ##.# #.# #.# #># ###


You could see 2 orc priests, an orc and a hobgoblin.

Vanquished Creatures
  Robin (D:3)
  2 adders (D:2)
  A dart slug (D:2)
  4 orcs
  2 endoplasms
  2 giant cockroaches (D:1)
  9 goblins
  6 hobgoblins
  5 kobolds
  4 quokkas
  5 ball pythons
  5 bats
  5 frilled lizards
  5 rats
56 creatures vanquished.

Vanquished Creatures (others)
  2 plants (D:1)
2 creatures vanquished.

Grand Total: 58 creatures vanquished

Notes
Turn   | Place    | Note
-------+----------+-------------------------------------------
     0 | D:1      | Urokeeper the Minotaur Fighter began the quest for the Orb.
     0 | D:1      | Reached XP level 1. HP: 19/19 MP: 0/0
   169 | D:1      | Reached XP level 2. HP: 27/27 MP: 1/1
   427 | D:1      | Found a faded altar of an unknown god.
   802 | D:2      | Reached XP level 3. HP: 27/33 MP: 2/2
  1401 | D:3      | Noticed Robin
  1413 | D:3      | Reached skill level 1 in Dodging
  1426 | D:3      | Reached XP level 4. HP: 33/40 MP: 3/3
  1433 | D:3      | Killed Robin
  1765 | D:3      | HP: 1/39 [orc priest (4)]
  1767 | D:3      | Slain by an orc

Illustrated notes

Levels and vault maps discovered:
D:1:      minmay_arrival_doors, layout_loops_ring,
          shapermc_ecumenical_altar_mp_ritualfount
D:2:      layout_rooms, minmay_misc_feat_plants, chequers_serial_rivers_micro_b,
          minmay_heptomino_d4
D:3:      layout_basic, xom_butterflies, kennysheep_generic_room_14, uniq_robin

Skill      XL: |  1  2  3  4 |
---------------+-------------+-----
Armour         | 4 |  4.3
Shields        | 4 |  4.5
Maces & Flails | 3 |  3.4
Dodging        | 1 |  1.5
Fighting       | 4 |  4.0

Action                   |  1- 3 |  4- 6 || total
-------------------------+-------+-------++-------
Melee: Flail             |    73 |       ||    73
       Headbutt          |    16 |     8 ||    24
       Whip              |    50 |    43 ||    93
  Use: Scroll            |       |     5 ||     5
       Potion            |       |     2 ||     2
Armor: Scale mail        |    36 |       ||    36
       Chain mail        |    30 |    16 ||    46
Dodge: Dodged            |    27 |    13 ||    40
Block: Kite shield       |    63 |    25 ||    88
